 Dungeon Crawl Stone Soup version 0.27.0-1-g7a089689b8 (webtiles) character file.

Game seed: 3403225668094833084

689 Spaninq the Skirmisher (level 7, -6/61 HPs)
             Began as a Merfolk Fire Elementalist on Aug 12, 2021.
             Was a Follower of Ashenzari.
             Mangled by Sigmund (11 damage)
             ... on level 4 of the Dungeon.
             The game lasted 00:16:42 (5505 turns).

Spaninq the Skirmisher (Merfolk Fire Elementalist)  Turns: 5505, Time: 00:16:43

Health: -6/61      AC:  8    Str: 11    XL:     7   Next: 63%
Magic:  11/11      EV:  9    Int: 14    God:    Ashenzari [*.....]
Gold:   204        SH:  5    Dex: 14    Spells: 10/11 levels left

rFire    . . .     SeeInvis .   o - +0 trident
rCold    + . .     Faith    .   (no shield)
rNeg     . . .     Spirit   .   r - +0 scale mail
rPois    .         Reflect  +   f - +0 helmet of Ashenzari's Fanaticism {Range, Self} (curse)
rElec    .         Harm     .   c - +0 cloak
rCorr    .         Rampage  .   (no gloves)
Will     +....                  (no boots)
Stlth    +.........             p - amulet of reflection
HPRegen  0.20/turn              d - ring "Restrained Vexation" {rC+, Cun, Alch} (curse)
MPRegen  0.12/turn              b - ring of willpower

@: no status effects
A: (nimble swimmer 2), mertail
a: Renounce Religion, Shatter the Chains


You were on level 4 of the Dungeon.
You worshipped Ashenzari.
Ashenzari was aware of your devotion.
You visited 1 branch of the dungeon, and saw 4 of its levels.

You collected 204 gold pieces.

Inventory:

Hand Weapons
 o - a +0 trident (weapon)
Armour
 c - a +0 cloak (worn)
 f - the cursed +0 helmet of Ashenzari's Fanaticism (worn) {Range, Self}
   (You found it on level 1 of the Dungeon)

   It has a curse which improves the following skills: Ranged Combat: Slings,
   Bows, Crossbows and Throwing.
   Introspection: Fighting and Spellcasting.
 r - a +0 scale mail (worn)
Jewellery
 b - a ring of willpower (right hand)
 d - the cursed ring "Restrained Vexation" (left hand) {rC+, Cun, Alch}
   (You found it on level 1 of the Dungeon)

   [ring of protection from cold]

   rC:        It protects you from cold.
   It has a curse which improves the following skills: Cunning: Dodging and
   Stealth.
   Alchemy:   Poison Magic and Transmutations.
 n - a +6 ring of intelligence
 p - an amulet of reflection (around neck)
Wands
 j - a wand of polymorph (2)
Scrolls
 g - 3 scrolls of amnesia
 i - a scroll of fog
 k - a scroll of teleportation
 l - a scroll of summoning
 m - a scroll of blinking
Potions
 h - a potion of ambrosia
 q - a potion of curing


   Skills:
 + Level 6.9(7.9) Fighting
 * Level 6.9 Polearms
 + Level 0.0 Armour
 + Level 2.6(3.5) Dodging
 - Level 2.1(3.0) Stealth
 - Level 2.0(2.8) Spellcasting
 - Level 0.7 Conjurations
 - Level 2.1 Fire Magic


You had 10 spell levels left.
You knew the following spells:

 Your Spells              Type           Power      Damage    Failure   Level
a - Foxfire               Conj/Fire      24%        2x1d5     61%         1

Your spell library contained the following spells:

 Spells                   Type           Power      Damage    Failure   Level
 Summon Small Mammal      Summ           4%         N/A       80%         1
 Conjure Flame            Conj/Fire      6%         6-21      93%         3
 Inner Flame              Hex/Fire       5%         N/A       95%         3
 Call Canine Familiar     Summ           1%         N/A       99%         3
 Ozocubu's Armour         Ice            1%         N/A       99%         3
 Portal Projectile        Hex/Tloc       2%         N/A       99%         3
 Summon Guardian Golem    Hex/Summ       1%         N/A       99%         3
 Tukima's Dance           Hex            1%         N/A       99%         3
 Leda's Liquefaction      Hex/Erth       0%         N/A       100%        4
 Passage of Golubria      Tloc           N/A        N/A       100%        4
 Sticky Flame             Conj/Fire      6%         2d3       100%        4
 Fireball                 Conj/Fire      3%         3d4       100%        5
 Metabolic Englaciation   Hex/Ice        0%         N/A       100%        5
 Yara's Violent Unravell  Hex/Tmut       1%         3d3       100%        5
 Simulacrum               Ice/Necr       0%         N/A       100%        6


Dungeon Overview and Level Annotations

Branches:
Dungeon (4/15)
 Temple: D:4-7

Altars:
Ashenzari
Dithmenos

Shops:
D:4 **

Annotations:
D:2 Terence
D:4 Sigmund


Innate Abilities, Weirdness & Mutations

((You are quick and stealthy near water. (Stealth+, EV+, Speed+++)))
Your lower body shifts to a powerful aquatic tail in water.


Message History

Sigmund is lightly wounded.
You block Sigmund's attack.
You hit Sigmund but do no damage.
Sigmund is lightly wounded.
Sigmund hits you with a +2 vorpal scythe.
You closely miss Sigmund.
Sigmund is lightly wounded.
You block Sigmund's attack.
You closely miss Sigmund.
Sigmund is lightly wounded.
Sigmund hits you with a +2 vorpal scythe.
You hit Sigmund but do no damage.
Sigmund is lightly wounded.
Sigmund closely misses you.
You hit Sigmund but do no damage.
Sigmund is lightly wounded.
Sigmund hits you but does no damage.
You hit Sigmund but do no damage.
Sigmund is lightly wounded.
Sigmund barely misses you.
You hit Sigmund.
Sigmund is lightly wounded.
Sigmund hits you with a +2 vorpal scythe!
You closely miss Sigmund.
Sigmund is lightly wounded.
Sigmund barely misses you.
You completely miss Sigmund.
Sigmund is lightly wounded.
Sigmund hits you with a +2 vorpal scythe!
You barely miss Sigmund.
Sigmund is lightly wounded.
Sigmund hits you with a +2 vorpal scythe!
* * * LOW HITPOINT WARNING * * *
x2 Sigmund hits you from afar with a +2 vorpal scythe.
* * * LOW HITPOINT WARNING * * *
x2 You block Sigmund's attack.
Sigmund barely misses you.
There is a stone staircase leading up here.
Sigmund hits you from afar with a +2 vorpal scythe!
You die...

######### ........#
........# ##### ........#
#...# ........# #...#
#........#
#..@##.........#####
#......######...(.#.
..####.@..############(..
..>.......###.....##.....
#.###..)###.............
#...................
##...................
#....##..............
#..?#.###.....###......


You could see Sigmund.

Vanquished Creatures
  A necrophage (D:4)
  A phantom (D:4)
  An ogre (D:4)
  A scorpion (D:3)
  2 orc priests
  3 iguanas
  Natasha (thrice) (D:2)
  A hound skeleton (D:4)
  A howler monkey skeleton (D:4)
  6 adders
  2 worms (D:3)
  3 dart slugs
  16 orcs
  6 bats
  10 endoplasms
  3 giant cockroaches
  5 hobgoblins
  2 jackals (D:2)
  A quokka (D:1)
  9 ball pythons
  A frilled lizard (D:2)
  6 goblins
  5 kobolds
  A quokka skeleton (D:4)
  8 rats
98 creatures vanquished.

Vanquished Creatures (others)
  404 foxfires
404 creatures vanquished.

Grand Total: 502 creatures vanquished

Notes
Turn   | Place    | Note
-------+----------+-------------------------------------------
     0 | D:1      | Spaninq the Merfolk Fire Elementalist began the quest for
                  | the Orb.
     0 | D:1      | Reached XP level 1. HP: 13/13 MP: 3/3
   122 | D:1      | Reached skill level 1 in Fighting
   260 | D:1      | Reached XP level 2. HP: 22/22 MP: 0/5
   654 | D:1      | You fall into a shaft and drop 1 floor!
   735 | D:2      | Found a broken altar of Ashenzari.
   744 | D:2      | Became a worshipper of Ashenzari the Shackled
   968 | D:2      | Noticed Terence
   971 | D:2      | Reached XP level 3. HP: 28/28 MP: 4/6
  1850 | D:2      | Noticed Natasha
  1869 | D:1      | Identified the cursed ring "Restrained Vexation" {rC+, Cun,
                  | Alch} (You found it on level 1 of the Dungeon)
  1968 | D:2      | Killed Natasha
  1969 | D:2      | Reached XP level 4. HP: 30/37 MP: 1/7
  2152 | D:2      | Noticed Natasha
  2162 | D:2      | Killed Natasha
  2221 | D:2      | Noticed Natasha
  2226 | D:2      | Killed Natasha
  2227 | D:2      | Reached XP level 5. HP: 43/43 MP: 2/8
  2475 | D:2      | Reached skill level 5 in Fighting
  2957 | D:3      | Found a faded altar of an unknown god.
  3246 | D:3      | Reached * piety under Ashenzari
  3924 | D:4      | Noticed a phantom
  4001 | D:3      | Reached skill level 1 in Polearms
  4130 | D:3      | Reached XP level 6. HP: 38/53 MP: 0/10
  4351 | D:4      | Found Geleuwir's General Store.
  4522 | D:4      | Found a shadowy altar of Dithmenos.
  4652 | D:4      | Reached skill level 5 in Polearms
  4652 | D:4      | Reached XP level 7. HP: 60/60 MP: 4/11
  4884 | D:4      | Found Cuaduenu's Serpentskin Sales.
  5255 | D:4      | Noticed Sigmund
  5505 | D:4      | Mangled by Sigmund

Illustrated notes

Levels and vault maps discovered:
D:1:      shiori_shiawase, layout_loops_ring, minmay_split_cup_small
D:2:      layout_rooms, basic_altar, uniq_natasha, uniq_terence
D:3:      layout_loops_ring, shapermc_ecumenical_altar_notcrosses
D:4:      layout_rooms, nicolae_dithmenos_the_darkroom, temple_fountains,
          serial_shops, nicolae_lakefront_shop, hangedman_abyss_or_decor_stabs,
          guppyfry_shop_venom, uniq_sigmund

Skill      XL: |  1  2  3  4  5  6  7 |
---------------+----------------------+-----
Fighting       | 1 2 4 5 6 |  6.9
Polearms       | 3 5 6 |  6.9
Dodging        | |  2.6
Stealth        | |  2.1
Spellcasting   | |  2.0
Conjurations   | |  0.7
Fire Magic     | |  2.1

Action                   |  1- 3 |  4- 6 |  7- 9 || total
-------------------------+-------+-------+-------++-------
Melee: Dagger            |    13 |    13 |       ||    26
       Unarmed           |       |     4 |       ||     4
       Trident           |       |     8 |    46 ||    54
 Cast: Foxfire           |    65 |   126 |    44 ||   235
Invok: Curse Item        |     1 |     1 |       ||     2
Armor: Robe              |     5 |    12 |     9 ||    26
       Skin              |       |     1 |       ||     1
       Scale mail        |       |       |     4 ||     4
Dodge: Dodged            |    19 |    53 |    21 ||    93
Block: Other             |       |       |    13 ||    13
